 Dungeon Crawl Stone Soup version 0.17-a0-1636-g3119f2b (webtiles) character file.

10953 carl the Geomancer (level 11, -14/67 HPs)
             Began as a Gargoyle Earth Elementalist on Aug 3, 2015.
             Was a Priest of Vehumet.
             Demolished by a minotaur
             ... wielding a +1 halberd of protection
              (17 damage)
             ... in a labyrinth on Aug 5, 2015.
             The game lasted 00:40:58 (14263 turns).

carl the Geomancer (Gargoyle Earth Elementalist)   Turns: 14263, Time: 00:40:59

Health: -14/67     AC: 13    Str: 21    XL:     11   Next: 70%
Magic:  0/25       EV: 12    Int: 18    God:    Vehumet [***...]
Gold:   487        SH:  0    Dex: 10    Spells: 6 memorised, 17 levels left

rFire  + . .     SeeInvis .     a - +1 dagger (venom)
rCold  x . .     Clarity  .     h - +0 robe
rNeg   + + +     SustAt   .     (no shield)
rPois  ∞         Gourm    .     j - +2 hat of the Bear Spirit {Spirit, +Rage rN+ MR++}
rElec  +         Spirit   +     F - +0 cloak
rCorr  .         Warding  .     K - +0 pair of gloves
rMut   .         Stasis   .     (no boots)
MR     ++...                    (no amulet)
Stlth  ++........               e - ring "Puperch" {+Blink rElec rF+ rC- Str+8}
                                x - ring of positive energy

@: very slightly contaminated, hasted, invisible, very quick, very resistant to
hostile enchantments, unstealthy
A: negative energy resistance 1, electricity resistance, unbreathing,
petrification resistance, rot immunity, AC +7
a: Renounce Religion, Evoke Blink, Evoke Berserk Rage


You were in a labyrinth.
You worshipped Vehumet.
Vehumet was most pleased with you.
You were hungry.

You visited 2 branches of the dungeon, and saw 13 of its levels.
You also visited: Labyrinth, Sewer and Ossuary.

You collected 487 gold pieces.

Inventory:

Hand weapons
 a - a +1 dagger of venom (weapon)
 L - a +1 falchion of flaming
Missiles
 H - 38 stones (quivered)
Armour
 h - a +0 robe (worn)
 j - the +2 hat of the Bear Spirit (worn) {Spirit, +Rage rN+ MR++}
   (You found it in a sewer)

   It protects you from negative energy.
   It affects your resistance to hostile enchantments.
   It lets you go berserk.
 A - the +3 pair of gauntlets of War {Slay+5}
   (You found it on level 4 of the Dungeon)

   It affects your accuracy and damage with ranged weapons and melee attacks
   (+5).
 B - a +0 shield
 F - a +0 cloak (worn)
 K - a +0 pair of gloves (worn)
Jewellery
 e - the ring "Puperch" (right hand) {+Blink rElec rF+ rC- Str+8}
   (You found it on level 9 of the Dungeon)

   [ring of protection from fire]

   It affects your strength (+8).
   It protects you from fire.
   It makes you vulnerable to cold.
   It insulates you from electricity.
   It lets you blink.
 p - an uncursed ring of teleportation
 q - an uncursed ring of ice
 x - a ring of positive energy (left hand)
 P - an uncursed amulet of regeneration
 S - an uncursed ring of fire
 T - a +4 ring of intelligence {unknown}
Magical devices
 O - a wand of magic darts (26)
 Q - a wand of draining (7)
 R - a wand of disintegration (16)
Scrolls
 i - 3 scrolls of blinking
 l - 6 scrolls of remove curse
 n - 4 scrolls of enchant armour
 o - 5 scrolls of magic mapping
 r - 3 scrolls of fear
 s - 4 scrolls of teleportation
 t - a scroll of amnesia
 u - a scroll of summoning {unknown}
 v - a scroll of recharging
 y - 3 scrolls of enchant weapon {unknown}
 C - 2 scrolls of immolation {unknown}
 E - 4 scrolls of fog
Potions
 g - 2 potions of curing
 m - a potion of haste
 z - a potion of invisibility
 D - 2 potions of might
 I - a potion of flight
 N - 2 potions of cancellation
Books
 c - a book of Geomancy

   Spells                             Type                      Level
   a - Sandblast                      Earth                        1
   b - Stoneskin                      Transmutation/Earth          2
   c - Passwall                       Transmutation/Earth          3
   d - Stone Arrow                    Conjuration/Earth            3
   e - Petrify                        Transmutation/Earth          4
   f - Lee's Rapid Deconstruction     Earth                        5
 J - a book of Summonings

   Spells                             Type                      Level
   a - Recall                         Summoning/Translocation      3
   b - Aura of Abjuration             Summoning                    5
   c - Shadow Creatures               Summoning                    5
   d - Summon Demon                   Summoning                    5
   e - Summon Forest                  Summoning/Translocation      5
   f - Summon Mana Viper              Hexes/Summoning              5
Comestibles
 b - a royal jelly
 d - 10 bread rations
 f - 11 meat rations
 k - a beef jerky
 G - 14 fruits
 M - 5 slices of pizza


   Skills:
 - Level 7.1 Fighting
 - Level 1.5 Dodging
 - Level 2.1 Stealth
 - Level 10.0 Spellcasting
 + Level 10.2 Conjurations
 - Level 0.7 Transmutations
 - Level 11.5 Earth Magic


You had 17 spell levels left.
You knew the following spells:

 Your Spells              Type           Power        Failure   Level  Hunger
a - Sandblast             Erth           ######       1%          1    None
b - Stone Arrow           Conj/Erth      #####.       1%          3    None
c - Stoneskin             Trmt/Erth      ####....     1%          2    None
d - Petrify               Trmt/Erth      ####....     8%          4    ###....
e - Magic Dart            Conj           ####         1%          1    None
f - Throw Flame           Conj/Fire      ####..       1%          2    None


Dungeon Overview and Level Annotations

Branches:
Dungeon (12/15)            Temple (1/1) D:6             Orc (0/4) D:9
   Lair: D:8-11

Altars:
Ashenzari
Cheibriados
Dithmenos
Elyvilon
Fedhas
Gozag
Kikubaaqudgha
Makhleb
Nemelex Xobeh
Okawaru
Qazlal
Ru
Sif Muna
Trog
Vehumet
Xom
Yredelemnul
Zin
The Shining One

Annotations:
D:9 maniek23's ghost, experienced DsGl


Innate Abilities, Weirdness & Mutations

You are resistant to torment.
Your stone body is resilient (AC +7).
You are immune to poison.
You resist negative energy.
You are resistant to electric shocks.
You can survive without breathing.
You are immune to petrification.
You are immune to rotting.


Message History

* * * LOW HITPOINT WARNING * * *
The minotaur gores you!
* * * LOW HITPOINT WARNING * * *
Drink which item? (? for menu, Esc to quit)
You fade into invisibility!
The minotaur barely misses you. The minotaur gores you.
* * * LOW HITPOINT WARNING * * *
You are very lightly contaminated with residual magic.
The minotaur barely misses you.
Drink which item? (? for menu, Esc to quit)
You feel yourself speed up.
Wield which item (- for none, * to show all)? (? for menu, Esc to quit)
It begins to drip with poison!
a - a +1 dagger of venom (weapon)
You hit the minotaur but do no damage.
The minotaur is poisoned.
The minotaur is almost dead.
You hit the minotaur but do no damage.
The minotaur looks even sicker.
The minotaur is almost dead.
The minotaur hits you with a halberd of protection!!
You die...

#. ▓## #######
# ▓.# .....# #
▓.### #. #.# #
. .. #. .#...#
▓. ##.#####.###
▓...#....H....#
H #.#####H###
▓. ... #.@.#
▓.#. # ###.# #
# .#.# #...# ▓
#.# ###.#.# ▓<
. # ...... # #
.# #.# .. . #.#
# # .#


You could see a minotaur.

Vanquished Creatures
  A hydra (D:10)
  Nergalle (D:11)
  An ugly thing (D:12)
  A two-headed ogre (D:10)
  3 shadows
  A trapdoor spider (Lab)
  2 wyverns
  A basilisk (D:8)
  6 yaks
  A steam dragon (D:11)
  2 water moccasins
  7 orc warriors
  2 ice beasts
  5 ogres
  A necrophage (D:7)
  3 black bears
  3 phantoms
  9 centaurs
  4 sky beasts
  A crocodile (D:8)
  4 big kobolds
  5 elf zombies (Ossuary)
  An earth elemental (Lab)
  4 giant frogs
  A wyvern skeleton (D:10)
  6 killer bees
  3 scorpions
  4 jellies
  6 hounds
  A quasit (D:8)
  4 centaur zombies
  4 crimson imps
  A giant frog zombie (D:5)
  4 human zombies (Ossuary)
  A centaur skeleton (Lab)
  15 orc wizards
  2 giant frog skeletons
  3 iguanas
  10 worker ants
  8 orc priests
  A killer bee zombie (D:8)
  2 sheep (D:10)
  2 hound zombies
  2 worker ant zombies (D:10)
  4 mummies
  4 gnolls (D:5)
  17 adders
  3 shadow imps
  7 oozes
  2 adder skeletons
  5 worms
  19 giant geckos
  41 orcs
  4 bats
  18 giant cockroaches
  3 hobgoblins
  12 jackals
  11 kobolds
  3 quokkas
  8 ball pythons
  A giant gecko skeleton (D:4)
  11 giant newts
  5 goblins
  A jackal skeleton (D:5)
  11 rats
339 creatures vanquished.

Notes
Turn   | Place    | Note
--------------------------------------------------------------
     0 | D:1      | carl the Gargoyle Earth Elementalist began the quest for the Orb.
     0 | D:1      | Reached XP level 1. HP: 10/10 MP: 3/3
   165 | D:1      | Reached skill level 4 in Earth Magic
   286 | D:1      | Reached XP level 2. HP: 15/15 MP: 3/5
   801 | D:2      | You fall through a shaft for 2 floors!
   808 | D:3      | Reached XP level 3. HP: 19/19 MP: 3/6
   831 | D:3      | Reached skill level 5 in Earth Magic
  1038 | D:3      | Found a glowing drain.
  1111 | Sewer    | Entered a sewer
  1338 | Sewer    | Reached XP level 4. HP: 24/24 MP: 4/7
  1468 | Sewer    | Reached skill level 6 in Earth Magic
  1777 | Sewer    | Reached XP level 5. HP: 28/28 MP: 3/8
  1824 | Sewer    | Learned a level 3 spell: Stone Arrow
  1934 | Sewer    | Reached skill level 7 in Earth Magic
  2035 | Sewer    | Noticed a giant frog
  2071 | Sewer    | Killed a giant frog
  2071 | Sewer    | Reached XP level 6. HP: 28/32 MP: 5/9
  2085 | Sewer    | Noticed a giant frog
  2160 | Sewer    | Killed a giant frog
  2160 | Sewer    | Reached skill level 8 in Earth Magic
  2203 | D:3      | Learned a level 2 spell: Stoneskin
  2622 | D:2      | Found a faded altar to an unknown god.
  3406 | D:4      | Noticed a scorpion
  3421 | D:3      | Killed a scorpion
  3421 | D:3      | Reached XP level 7. HP: 27/36 MP: 0/11
  3659 | D:4      | Found an opulent altar of Gozag.
  3663 | D:4      | Noticed a scorpion
  3666 | D:4      | Killed a scorpion
  3685 | D:4      | Noticed a phantom
  3691 | D:4      | Killed a phantom
  3870 | D:4      | Reached skill level 5 in Spellcasting
  4316 | D:4      | Reached XP level 8. HP: 37/41 MP: 16/16
  4497 | D:5      | Entered Level 5 of the Dungeon
  4539 | D:5      | Learned a level 4 spell: Petrify
  4687 | D:5      | Found a sand-covered staircase.
  4753 | Ossuary  | Entered an ossuary
  5570 | Ossuary  | Reached XP level 9. HP: 40/45 MP: 4/21
  5802 | Ossuary  | Reached skill level 9 in Spellcasting
  6742 | D:4      | Found a sparkling altar of Nemelex Xobeh.
  7418 | D:6      | Reached skill level 10 in Spellcasting
  7534 | D:6      | Found a snail-covered altar of Cheibriados.
  7962 | D:6      | Found a staircase to the Ecumenical Temple.
  7968 | Temple   | Entered the Ecumenical Temple
  8007 | Temple   | Became a worshipper of Vehumet
  8054 | D:6      | Found a glowing silver altar of Zin.
  8054 | D:6      | Found a deep blue altar of Sif Muna.
  8147 | D:7      | Reached skill level 10 in Earth Magic
  8585 | D:7      | Found a stormy altar of Qazlal.
  8701 | D:8      | Found a basalt altar of Yredelemnul.
  8703 | D:8      | Reached XP level 10. HP: 50/50 MP: 17/24
  8726 | D:7      | Reached skill level 1 in Conjurations
  9221 | D:8      | Acquired Vehumet's first power
  9221 | D:8      | Offered knowledge of Magic Dart by Vehumet.
  9231 | D:8      | Learned a level 1 spell: Magic Dart
  9250 | D:8      | Reached skill level 5 in Conjurations
  9289 | D:8      | Reached skill level 1 in Fighting
  9782 | D:9      | Found a staircase to the Orcish Mines.
  9916 | D:9      | Noticed maniek23's ghost (experienced DsGl)
 10111 | D:8      | Upgraded the game from 0.17-a0-1632-g0af21bd to 0.17-a0-1636-g3119f2b
 10277 | D:8      | Reached skill level 5 in Fighting
 10898 | D:9      | Offered knowledge of Throw Flame by Vehumet.
 10959 | D:9      | Learned a level 2 spell: Throw Flame
 10978 | D:9      | Got a crude ivory ring
 10981 | D:9      | Identified the ring "Puperch" {+Blink rElec rF+ rC- Str+8} (You found it on level 9 of the Dungeon)
 11030 | D:8      | Reached skill level 11 in Earth Magic
 11720 | D:9      | Reached XP level 11. HP: 67/67 MP: 16/25
 12012 | D:10     | Entered Level 10 of the Dungeon
 12376 | D:10     | Noticed a two-headed hydra
 12483 | D:10     | Killed a two-headed hydra
 12643 | D:10     | Offered knowledge of Inner Flame by Vehumet.
 12924 | D:10     | Found a shimmering altar of Xom.
 13420 | D:11     | Noticed Nergalle
 13428 | D:11     | Killed Nergalle
 13579 | D:12     | Found a labyrinth entrance.
 13590 | Lab      | Entered a labyrinth
 13960 | Lab      | Reached skill level 10 in Conjurations
 14102 | Lab      | Acquired Vehumet's second power
 14229 | Lab      | Noticed a minotaur
 14239 | Lab      | HP: 1/67 [minotaur/halberd of protection (15)]
 14253 | Lab      | HP: 3/67 [minotaur/halberd of protection (7)]
 14263 | Lab      | Demolished by a minotaur

Vault maps used:
D:1:      erik_arrival_blinker_ship, feat_on_display
D:2:      wad_pebble_path, ecumenical_altar_1
D:3:      gup_sewer_entry_pipe
D:4:      nicolae_overflow_hidden_temple,
          nicolae_gozag_cash_rules_everything_around_me, first_bread
D:5:      nicolae_ossuary_entry_plus
D:6:      slow_altar_1, gammafunk_temple_overflow_elements,
          minmay_temple_entry_enclosed_plants, serial_glass, glass_columns_a,
          glass_columns_a
D:7:      nicolae_qazlal_general_emergency
D:8:      overflow_temple_1_default
D:9:      minmay_orc_entry_temple_small
D:10:     hangedman_ranch, xom_teletrap_fun
D:11:     lair_0_dummy, uniq_nergalle, uniq_snorg
D:12:     lab_entry_generic, minmay_misc_feat_pillars
Temple:   circular_temple_12
Lab:      nicolae_lab_t_cross, labyrinth_lava_lair, nicolae_lab_swirl,
          nicolae_lab_x, labyrinth_glass_1
Sewer:    sewer_frog_island_02
Ossuary:  ossuary_minmay_four_chambers

Action                   |  1- 3 |  4- 6 |  7- 9 | 10-12 || total
-------------------------+-------+-------+-------+-------++-------
Melee: Unarmed           |     1 |       |       |       ||     1
       Short sword       |    22 |    10 |       |       ||    32
       Whip              |       |     8 |       |       ||     8
       Dagger            |       |       |   175 |    31 ||   206
 Cast: Sandblast         |    53 |   138 |   127 |   165 ||   483
       Stone Arrow       |       |       |    99 |   140 ||   239
  Use: Scroll            |       |       |     1 |    19 ||    20
       Potion            |       |       |     1 |     4 ||     5
 Stab: Sleeping          |       |       |     5 |       ||     5
       Distracted        |       |       |     1 |       ||     1
  Eat: Chunk             |     2 |     9 |    12 |    15 ||    38
       Pizza             |       |       |     2 |     1 ||     3
       Beef jerky        |       |       |     1 |       ||     1
